 Dungeon Crawl Stone Soup version 0.30-a0-881-g1ff12e1e11 (webtiles) character file.

Game seed: 9407474620113176438

65 dolemite99 the Shooter (level 4, -1/33 HPs)
             Began as a Formicid Hunter on Mar 15, 2023.
             Was a Believer of Makhleb.
             Killed from afar by Terence (15 damage)
             ... with a bolt of light
             ... on level 3 of the Dungeon.
             The game lasted 00:01:37 (1249 turns).

dolemite99 the Shooter (Formicid Hunter)            Turns: 1249, Time: 00:01:38

Health: -1/33      AC:  4    Str: 16    XL:     4   Next: 35%
Magic:  4/4        EV: 12    Int:  8    God:    Makhleb [**....]
Gold:   90         SH:  0    Dex: 19    Spells: 3/3 levels left

rFire   . . .      SeeInvis +    a - +0 shortbow
rCold   . . .      Faith    .    (no shield)
rNeg    . . .      Spirit   .    c - +0 leather armour
rPois   .          Reflect  .    (helmet unavailable)
rElec   .          Rampage  .    l - +0 cloak
rCorr   +                        (no gloves)
Will    .....                    (no boots)
Stlth   +                        (no amulet)
HPRegen 0.25/turn                o - ring of resist corrosion
MPRegen 0.09/turn                (no ring)

@: confused, attractive
A: permanent stasis, dig shafts and tunnels, antennae 3, four strong arms
a: Dig, Shaft Self, Renounce Religion, Minor Destruction


You were on level 3 of the Dungeon.
You worshipped Makhleb.
Makhleb was pleased with you.
You visited 1 branch of the dungeon, and saw 3 of its levels.

You collected 90 gold pieces.

Inventory:

Hand Weapons
 a - a +0 shortbow (weapon)
 q - a +2 whip of distortion
Armour
 c - a +0 leather armour (worn)
 h - a +0 ring mail
 l - a +0 cloak (worn)
Jewellery
 o - a ring of resist corrosion (left hand)
Scrolls
 b - a scroll of immolation
 d - a scroll of amnesia {unknown}
 f - a scroll of teleportation {unknown}
 g - 4 scrolls of identify {unknown}
 k - a scroll of fear
Potions
 e - a potion of might {unknown}
 i - a potion of curing {unknown}
 j - a potion of attraction
 m - a potion of ambrosia {unknown}
 n - a potion of lignification {unknown}
 p - 2 potions of mutation {unknown}
 r - a potion of brilliance {unknown}


   Skills:
 - Level 2.1 Fighting
 + Level 5.6 Ranged Weapons
 - Level 1.7 Dodging
 - Level 1.2 Stealth


You had 3 spell levels left.
You didn't know any spells.
Your spell library contained the following spells:

 Spells                   Type           Power      Damage    Failure   Level
 Sublimation of Blood     Necr           0%         N/A       63%         2
 Petrify                  Tmut/Erth      0%         N/A       99%         4
 Irradiate                Conj/Tmut      0%         3d11      100%        5


Dungeon Overview and Level Annotations

Branches:
Dungeon (3/15)

Altars:
Gozag
Makhleb
Ru

Annotations:
D:3 Terence


Innate Abilities, Weirdness & Mutations

You cannot be hasted, slowed, berserked, paralysed or teleported.
You can dig through walls and to a lower floor.
You have a pair of large antennae on your head. (SInv)
Your four strong arms can wield two-handed weapons with a shield.


Message History

No target in view!
No target in view!
r - a cyan potion You now have 90 gold pieces (gained 9).
You see here a bat corpse.
Done exploring.
No target in view!
No target in view!
No target in view!
No target in view!
Done exploring.
Done exploring.
(D) Dungeon
Where to? (Enter - D:2, ? - help)
What level of the Dungeon? (default 1, ? - help)
There is a stone staircase leading down here.
You climb downwards.
You sense a monster nearby.
There is a stone staircase leading up here.
As you open the door, it creaks loudly!
Terence the Incautious comes into view.
He is wielding a +0 hand axe and carrying a wand of light (4).
Terence shouts!
Terence zaps a wand.
The bolt of light hits you!!
You are confused.
Ouch! That really hurt!
Found an opulent altar of Gozag.
You are too confused!
Unknown command.
You are too confused!
Unknown command.
Okay, then.
You are too confused!
Unknown command.
Okay, then.
You are too confused!
It was a potion of attraction.
You feel attractive to monsters.
Terence zaps a wand.
The bolt of light hits you!
You are more confused.
You die...

#...# #+# ##.#.#
#.# ....###.# #...#
#_. #...# #@# #...#
#.# #.#.###'###.#
..#####<#....@....#
#.............#####
###############


You could see Terence.

Vanquished Creatures
  2 adders (D:2)
  An orc (D:2)
  3 bats (D:2)
  3 endoplasms (D:1)
  A giant cockroach (D:2)
  2 goblins
  6 hobgoblins
  5 jackals
  5 quokkas
  5 ball pythons
  3 frilled lizards
  2 kobolds
  3 rats
41 creatures vanquished.

Notes
Turn   | Place    | Note
-------+----------+-------------------------------------------
     0 | D:1      | dolemite99 the Formicid Hunter began the quest for the Orb.
     0 | D:1      | Reached XP level 1. HP: 16/16 MP: 1/1
    49 | D:1      | Reached XP level 2. HP: 21/22 MP: 2/2
    94 | D:1      | Found a faded altar of an unknown god.
   102 | D:1      | Prayed at the altar of an unknown god.
   102 | D:1      | Became a worshipper of Makhleb the Destroyer
   102 | D:1      | Reached * piety under Makhleb
   427 | D:1      | Reached XP level 3. HP: 27/27 MP: 3/3
   552 | D:2      | Found a sacrificial altar of Ru.
   590 | D:2      | Reached skill level 5 in Ranged Weapons
   759 | D:2      | Reached ** piety under Makhleb
   761 | D:2      | Reached XP level 4. HP: 31/33 MP: 4/4
  1248 | D:3      | Found an opulent altar of Gozag.
  1248 | D:3      | Noticed Terence
  1249 | D:3      | Killed from afar by Terence

Illustrated notes

Levels and vault maps discovered:
D:1:      lemuel_arrival_broad_hall, layout_rooms,
          shapermc_ecumenical_altar_pompeii, minmay_misc_feat_nine_boxes,
          minmay_hedge_maze, st_stairs_2, feat_on_display
D:2:      layout_loops_ring, basic_altar, hangedman_decor_clover_reticule
D:3:      minmay_octagon_keep, layout_loops_ring, lemuel_doored_altar,
          mainiacjoe_overflow_alcove_2, uniq_sigmund, uniq_natasha, uniq_terence

Skill      XL: |  1  2  3 |
---------------+----------+-----
Ranged Weapons | 5 |  5.6
Fighting       | |  2.1
Dodging        | |  1.7
Stealth        | |  1.2

Action                     |  1- 3 |  4- 6 || total
---------------------------+-------+-------++-------
   Fire: Shortbow          |    72 |    38 ||   110
    Use: Scroll            |     1 |       ||     1
         Potion            |       |     1 ||     1
 Armour: Leather armour    |    10 |     9 ||    19
  Dodge: Dodged            |    23 |    11 ||    34

Table legend: (Time is in decaauts)
 A = Elapsed time spent in this place.
 B = Non-inter-level travel time spent in this place.
 C = Inter-level travel time spent in this place.
 D = Time resting spent in this place.
 E = Time spent auto-exploring this place.
 F = Levels seen in this place.
 G = Mean time per level.
                   A        B        C        D        E       F      G
               +--------+--------+--------+--------+--------+-----+--------+
         Total |   1279 |   1257 |     22 |     88 |    855 |   3 |  426.3 |
       Dungeon |   1279 |   1257 |     22 |     88 |    855 |   3 |  426.3 |
               +--------+--------+--------+--------+--------+-----+--------+

Top non-repeatable levels by time:
     D:2: 723 daAuts
     D:1: 547 daAuts
     D:3: 8 daAuts
